 Dungeon Sprint DCSS version 0.29-a0-925-g0a7a3d12f8 (webtiles) character file.

Game seed: 3116983969996331902

119 rocky1 the Trooper (level 4, -3/39 HPs)
             Began as a Demonspawn Monk on July 29, 2022.
             Was an Elder of Qazlal.
             Slain by Prince Ribbit (8 damage)
             ... in the Dungeon (Sprint VII: "The Pits").
             The game lasted 00:02:00 (568 turns).

rocky1 the Trooper (Demonspawn Monk)                 Turns: 568, Time: 00:02:02

Health: -3/39      AC: 12    Str: 11    XL:     4   Next: 73%
Magic:  7/7        EV:  6    Int: 12    God:    Qazlal [****..]
Gold:   0          SH:  5    Dex: 17    Spells: 3/3 levels left

rFire   . . .      SeeInvis .   m - +2 falchion
rCold   . . .      Faith    .   (no shield)
rNeg    . . .      Spirit   .   n - +3 chain mail
rPois   .          Reflect  .   (helmet restricted)
rElec   .          Harm     .   (no cloak)
rCorr   .          Rampage  .   (no gloves)
Will    .....      NoTele   +   (no boots)
Stlth   ..........              (no amulet)
HPRegen 0.13/turn               (no ring)
MPRegen 0.20/turn               (no ring)

@: repel missiles
A: horns 1, magic regeneration, weakness stinger 1
a: Renounce Religion, Upheaval, Elemental Force


You were in the Dungeon.
You worshipped Qazlal.
Qazlal was greatly pleased with you.
You visited 1 branch

Inventory:

Hand Weapons
 m - a +2 falchion (weapon)
Armour
 n - a +3 chain mail (worn)
Scrolls
 i - a scroll of blinking
 k - 5 scrolls of amnesia
 l - a scroll of summoning
Potions
 c - a potion of ambrosia
 d - 6 potions of curing
 e - 6 potions of heal wounds
 f - a potion of haste
 g - 4 potions of magic
 h - 2 potions of berserk rage
 j - 2 potions of invisibility


   Skills:
 + Level 5.2 Fighting
 + Level 4.7 Long Blades
 + Level 3.7 Armour
 + Level 4.7 Dodging
 - Level 1.7 Stealth
 + Level 4.5 Invocations


You had 3 spell levels left.
You didn't know any spells.
Your spell library was empty.

Dungeon Overview and Level Annotations

Branches:
Dungeon (1/1)

Altars:
Ashenzari
Cheibriados
Dithmenos
Fedhas
Gozag
Hepliaklqana
Kikubaaqudgha
Makhleb
Nemelex Xobeh
Okawaru
Qazlal
Ru
Sif Muna
Trog
Uskayaw
Vehumet
Wu Jian
Xom
Yredelemnul
Jiyva
Lugonu

Annotations:
D Prince Ribbit


Innate Abilities, Weirdness & Mutations

You have a pair of small horns on your head.
You regenerate magic rapidly.
You have a small tail.


Message History

Unknown command.
A rat comes into view.
You hear a loud, deep croak!
You hear a shout! x2
The rat twitches its whiskers.
You closely miss the gnoll.
Prince Ribbit blinks!
The gnoll hits you with a +0 flail. The gnoll hits you but does no damage.
You barely miss the gnoll. You headbutt the gnoll.
The gnoll is heavily wounded.
The gnoll completely misses you.
You hit the gnoll. Your headbutt misses the gnoll.
The gnoll is severely wounded.
The gnoll hits you with a +0 flail.
You slash the gnoll!
You kill the gnoll!
Qazlal accepts your kill.
Prince Ribbit blinks!
You hit Prince Ribbit.
Prince Ribbit is lightly wounded.
You block Prince Ribbit's attack.
You barely miss Prince Ribbit.
Prince Ribbit is lightly wounded.
Prince Ribbit blinks!
You closely miss the rat. Prince Ribbit hits you.
The rat bites you but does no damage.
You hit the rat.
You kill the rat!
Qazlal accepts your kill.
Prince Ribbit hits you but does no damage.
Prince Ribbit hits you!
Unknown command.
You barely miss Prince Ribbit. You headbutt Prince Ribbit.
Prince Ribbit is lightly wounded.
Prince Ribbit hits you. The goblin hits you but does no damage.
You barely miss Prince Ribbit. Your headbutt misses Prince Ribbit.
Prince Ribbit is lightly wounded.
Prince Ribbit catches a mosquito with his tongue.
Prince Ribbit hits you!
* * * LOW HITPOINT WARNING * * *
You block the goblin's attack. Prince Ribbit hits you!
You die...

#_________.#
#_______...#######
##########'##.....
#.?(.')))'.##.....
##########.##.....
#.........).'.....
#'#####'#####.....
#F#..#..÷..##.....
#@#))#####÷#####'#
#g#))#.....##.....
#.#))#.....##.....
#.#[.###†####.....
#.##'#.††..##...<.
#g#.[......##.....
#.#........##.....
#'###########.....
#.....g.# ######


You could see Prince Ribbit, a gnoll and a goblin.

Vanquished Creatures
  A scorpion (D)
  A mummy (D)
  2 gnolls (D)
  2 river rats (D)
  An ufetubus (D)
  A ball python (D)
  A bat (D)
  2 rats (D)
11 creatures vanquished.

Notes
Turn   | Place    | Note
-------+----------+-------------------------------------------
     0 | D        | rocky1 the Demonspawn Monk began the quest for the Orb.
     0 | D        | Reached XP level 1. HP: 18/18 MP: 1/1
    17 | D        | Reached skill level 1 in Armour
    17 | D        | Gained mutation: You regenerate magic rapidly. [demonic
                  | ancestry]
    17 | D        | Reached XP level 2. HP: 10/24 MP: 2/2
    20 | D        | Found a bloodstained altar of Trog.
    20 | D        | Found a shimmering blue altar of Sif Muna.
    20 | D        | Found a viscous altar of Jiyva.
    20 | D        | Found a hazy altar of Hepliaklqana.
    20 | D        | Found an opulent altar of Gozag.
    21 | D        | Found a basalt altar of Yredelemnul.
    21 | D        | Found a shimmering altar of Xom.
    21 | D        | Found an ornate altar of the Wu Jian Council.
    21 | D        | Found a sacrificial altar of Ru.
    21 | D        | Found a stormy altar of Qazlal.
    21 | D        | Found an iron altar of Okawaru.
    21 | D        | Found a sparkling altar of Nemelex Xobeh.
    21 | D        | Found a burning altar of Makhleb.
    21 | D        | Found a blossoming altar of Fedhas.
    21 | D        | Found a shadowy altar of Dithmenos.
    21 | D        | Found a snail-covered altar of Cheibriados.
    23 | D        | Found a radiant altar of Vehumet.
    23 | D        | Found a corrupted altar of Lugonu.
    24 | D        | Found a hide-covered altar of Uskayaw.
    24 | D        | Found an ancient bone altar of Kikubaaqudgha.
    24 | D        | Found a broken altar of Ashenzari.
    28 | D        | Became a worshipper of Qazlal Stormbringer
    28 | D        | Reached * piety under Qazlal
    28 | D        | Reached ** piety under Qazlal
   207 | D        | Reached skill level 1 in Invocations
   207 | D        | Reached *** piety under Qazlal
   460 | D        | Noticed a scorpion
   462 | D        | Killed a scorpion
   463 | D        | Reached skill level 4 in Fighting
   463 | D        | Discovered your monstrous ancestry.
   463 | D        | Gained mutation: You have a pair of small horns on your
                  | head. [demonic ancestry]
   463 | D        | Reached XP level 3. HP: 32/32 MP: 2/5
   463 | D        | Gained mutation: You have a small tail. [demonic ancestry]
   463 | D        | Reached XP level 4. HP: 38/38 MP: 2/6
   467 | D        | Reached skill level 5 in Fighting
   471 | D        | Reached **** piety under Qazlal
   547 | D        | Noticed a scorpion
   548 | D        | Noticed Prince Ribbit
   568 | D        | Slain by Prince Ribbit

Illustrated notes

Levels and vault maps discovered:
D:        pitsprint [storerooms_1, entrance_room_1, metal_vault_4, armoury_2,
          mini_pit_1, grid_room_1, main_hall_1, silver_pit, the_coven_3,
          the_vestibule_1, steel_vault_3, golden_pit, hallway_of_sentries,
          crystal_vault_2, iron_vault_2, final_vault]

Skill      XL: |  1  2  3  4 |
---------------+-------------+-----
Long Blades    | 3 4 |  4.7
Armour         | 1 3 |  3.7
Dodging        | 3 4 |  4.7
Invocations    | 3 4 |  4.5
Fighting       | 4 5 |  5.2
Stealth        | |  1.7

Action                   |  1- 3 |  4- 6 || total
-------------------------+-------+-------++-------
Melee: Falchion          |    13 |    16 ||    29
       Headbutt          |       |     4 ||     4
       Tailslap          |       |     1 ||     1
  Use: Potion            |     1 |       ||     1
 Stab: Sleeping          |     1 |       ||     1
Armor: Robe              |     6 |       ||     6
       Chain mail        |       |     4 ||     4
Dodge: Dodged            |    10 |     3 ||    13
Block: Other             |     1 |     2 ||     3

Table legend: (Time is in decaauts)
 A = Elapsed time spent in this place.
 B = Non-inter-level travel time spent in this place.
 C = Inter-level travel time spent in this place.
 D = Time resting spent in this place.
 E = Time spent auto-exploring this place.
 F = Levels seen in this place.
 G = Mean time per level.
                   A        B        C        D        E       F      G
               +--------+--------+--------+--------+--------+-----+--------+
         Total |    574 |    574 |      0 |    371 |      0 |   1 |  574.0 |
       Dungeon |    574 |    574 |      0 |    371 |      0 |   1 |  574.0 |
               +--------+--------+--------+--------+--------+-----+--------+

Top non-repeatable levels by time:
       D: 574 daAuts
